 Dungeon Crawl Stone Soup version 0.22-a0-266-g5fdf0d7d63 (webtiles) character file.

199771 RedPan the Brawler (level 17, -12/141 HPs)
             Began as a Demonspawn Monk on Mar 8, 2018.
             Was a High Priest of Cheibriados.
             Killed from afar by Nikola (31 damage)
             ... with a chain lightning
             ... on level 1 of the Snake Pit.
             The game lasted 01:33:37 (32616 turns).

RedPan the Brawler (Demonspawn Monk)               Turns: 32616, Time: 01:33:39

Health: -12/141    AC: 30    Str: 29    XL:     17   Next: 85%
Magic:  20/23      EV: 24    Int: 26    God:    Cheibriados [*****.]
Gold:   230        SH: 27    Dex: 35    Spells: 16/16 levels left

rFire    + + .     SeeInvis .     - Unarmed
rCold    . . .     Gourm    .   M - +0 large shield
rNeg     + . .     Faith    .   V - +6 plate armour {rPois}
rPois    +         Spirit   .   d - +2 hat
rElec    .         Reflect  +   T - +0 cloak
rCorr    .         Harm     .   Z - +2 pair of gloves {Dex+3}
MR       +....     Clarity  +   (boots unavailable)
Stlth    ..........             w - +5 amulet of reflection
HPRegen  0.33/turn              Q - ring "Mucexy" {*Drain rF+ rN+ Dex+5}
MPRegen  0.18/turn              A - +5 ring of evasion

@: very slow
A: hooves 3, horns 1, rugged brown scales 2, blink, clarity, fire resistance 1,
nightstalker 1, screaming 1, augmentation 1
}: 1/15 runes: serpentine
a: Blink, Bend Time, Temporal Distortion, Slouch, Step From Time, Renounce
Religion


You were on level 1 of the Snake Pit.
You worshipped Cheibriados.
Cheibriados was extremely pleased with you.
You were very hungry.

You visited 5 branches of the dungeon, and saw 28 of its levels.
You also visited: Ice Cave.

You collected 3090 gold pieces.
You spent 2860 gold pieces at shops.

Inventory:

Missiles
 S - 2 throwing nets (quivered)
Armour
 d - a +2 hat (worn)
 M - a +0 large shield (worn)
 T - a +0 cloak (worn)
 V - a +6 plate armour of poison resistance (worn)
 Y - the +5 ice dragon scales "Xufaf" {rF- rC++ Int+2}
   (You found it in an ice cave)

   It affects your intelligence (+2).
   It makes you vulnerable to fire.
   It greatly protects you from cold.
 Z - a +2 pair of gloves of dexterity (worn)
Jewellery
 j - an uncursed amulet of regeneration
 m - a +2 amulet of reflection
 s - an uncursed ring of positive energy
 w - a +5 amulet of reflection (around neck)
 x - an uncursed ring of fire
 A - a +5 ring of evasion (right hand)
 C - an uncursed ring of positive energy
 K - an uncursed ring of magical power
 O - an uncursed ring of protection from cold
 Q - the ring "Mucexy" (left hand) {*Drain rF+ rN+ Dex+5}
   (You took it off Harold on level 2 of the Lair of Beasts)

   [ring of dexterity]

   It affects your dexterity (+5).
   It protects you from fire.
   It protects you from negative energy.
   It causes draining when unequipped.
Wands
 a - a wand of flame (97)
 f - a wand of digging (4)
 q - a wand of iceblast (38)
 D - a wand of disintegration (8)
 H - a wand of scattershot (5)
 I - a wand of polymorph (50)
 W - a wand of paralysis (46)
 X - a wand of clouds (7)
Scrolls
 g - 2 scrolls of brand weapon
 l - 15 scrolls of remove curse
 n - 3 scrolls of enchant armour
 u - 4 scrolls of teleportation
 z - a scroll of silence
 F - 3 scrolls of enchant weapon
 G - 6 scrolls of amnesia
 J - 2 scrolls of magic mapping
 L - 4 scrolls of blinking
 N - 2 scrolls of identify
 P - 4 scrolls of fog
Potions
 c - 10 potions of curing
 e - 2 potions of might
 h - 6 potions of heal wounds
 i - 2 potions of cancellation
 k - 6 potions of magic
 p - 2 potions of haste
 r - 4 potions of agility
 t - a potion of flight
 B - 2 potions of brilliance
 E - a potion of resistance
 R - a potion of invisibility
Miscellaneous
 U - a phantom mirror
Comestibles
 b - 47 rations


   Skills:
 + Level 12.8 Fighting
 + Level 11.4 Armour
 + Level 12.9 Dodging
 - Level 1.7 Stealth
 + Level 12.2 Shields
 * Level 17.5 Unarmed Combat
 - Level 8.0 Invocations


You had 16 spell levels left.
You didn't know any spells.

Dungeon Overview and Level Annotations

Branches:
Dungeon (15/15)            Temple (1/1) D:4            Lair (6/6) D:9
  Swamp (0/4) Lair:2        Snake (4/4) Lair:4        Slime (0/5) Lair:5
    Orc (2/2) D:11            Elf (0/3) Orc:2        Vaults (0/5) D:13
 Depths (0/5) D:15

Altars:
Ashenzari
Cheibriados
Dithmenos
Elyvilon
Fedhas
Gozag
Hepliaklqana
Kikubaaqudgha
Makhleb
Nemelex Xobeh
Okawaru
Qazlal
Ru
Sif Muna
Trog
Uskayaw
Vehumet
Wu Jian
Xom
Yredelemnul
Zin
The Shining One
Beogh
Jiyva

Shops:
D:9 (   D:11 ?   Orc:2 *[:(   Snake:3 [

Annotations:
Lair:4 exclusions: 2 electric eels, 3 plants and 13 more exclusions
Snake:1 Nikola
Snake:3 exclusion: Roxanne, Roxanne


Innate Abilities, Weirdness & Mutations

You have hooves in place of feet.
You are mostly covered in rugged brown scales. (AC +2, +5% HP)
Your flesh is heat resistant. (rF+)
You are slightly more attuned to the shadows.
Your magical and physical power is slightly enhanced at high health.
You have a pair of small horns on your head.
You can translocate small distances at will.
You possess an exceptional clarity of mind.
You occasionally shout uncontrollably at your foes.


Message History

Nikola barely misses you. Nikola hits you but does no damage.
The flow of time bends around you.
Cheibriados rebukes Nikola.
Nikola seems to slow down.
You feel slightly more hungry.
Cheibriados lowers the support of your attributes as your movement quickens.
You pummel Nikola!! You kick Nikola!
Nikola is moderately wounded.
Nikola casts a spell.
You hear a mighty clap of thunder!
The lightning arc hits you!
The lightning arc hits Nikola.
The lightning arc hits you!
The lightning arc hits Nikola.
The lightning arc hits you!
* * * LOW HITPOINT WARNING * * *
You feel much better.
Nikola casts a spell.
You hear a mighty clap of thunder!
The lightning arc hits you!
* * * LOW HITPOINT WARNING * * *
The lightning arc hits Nikola.
The lightning arc hits you!
You die...

#.###..#####..###.....#
#.##.......)(..##.#.#<#
#.'...8..>..8().'.##..####
####..........)######.#..##
##..#####..## ###...####
##.#...#.## ##.........
#'#...#.# ##..##......
#...#..@### ##...###.....
######..@.###)..## ######
##....#...## #. ##.....###
#. ###).## #. #...### #.
##....## #> ####..#########
#.......#.... ##..#..##....


You could see Nikola.

Vanquished Creatures
  Vashnia (Snake:2)
  Agnes (D:15)
  Donald (Snake:3)
  7 nagarajas
  An orc warlord (Orc:2)
  The ghost of brujo666 the Thaumaturge, a journeyman GnNe of Kikubaaqudgha (Snake:2)
  Aizul (Snake:4)
  Snorg (Lair:6)
  The ghost of WhatIsLove the Blocker, a journeyman GnFi of Lugonu (Orc:2)
  3 fire dragons
  Josephine (D:13)
  A rakshasa (D:15)
  Harold (Lair:2)
  8 hydras
  15 anacondas
  A vault guard (D:13)
  12 naga warriors
  3 centaur warriors
  6 two-headed ogres
  3 death yaks (Lair:6)
  5 orc high priests
  9 shock serpents
  A tengu warrior (D:15)
  19 naga sharpshooters
  6 salamander mystics
  An unseen horror (D:15)
  9 sea snakes (Snake:4)
  A swamp dragon (Lair:6)
  3 wizards (D:13)
  3 naga ritualists
  5 orc knights
  A lindwurm (Lair:6)
  A necromancer (D:13)
  2 manticores
  5 mana vipers
  4 orc sorcerers
  A wolf spider zombie (D:14)
  32 ugly things
  14 slime creatures
  3 deep elf magi
  A cyclops (D:11)
  18 salamanders
  20 black mambas
  8 guardian serpents
  3 ice statues (IceCv)
  3 gargoyles
  2 torpor snails
  11 naga magi
  8 elephants
  13 spiny frogs
  6 rime drakes
  An efreet (D:14)
  7 komodo dragons
  3 meliai (D:14)
  A queen bee (D:14)
  9 trolls
  2 polar bears (Lair:5)
  Prince Ribbit (D:6)
  4 blink frogs (Lair:4)
  The ghost of TryExcept the Grasshopper, an amateur HuWr of Okawaru (D:3)
  A blink frog (shapeshifter) (D:13)
  7 hippogriffs
  5 dream sheep
  A shadow (D:15)
  4 wyverns
  5 wraiths (D:13)
  3 vampires
  20 humans (D:13)
  42 yaks
  A steam dragon (D:13)
  6 basilisks
  10 vampire mosquitoes
  4 wargs
  The ghost of Asanbosam the Grave Robber, an amateur GnNe (D:4)
  51 nagas
  An acid dragon (shapeshifter) (D:15)
  2 acid dragons
  2 hell hounds (Lair:3)
  19 water moccasins
  4 porcupines
  A swamp drake (Lair:6)
  3 black bears
  49 orc warriors
  An eye of draining (D:13)
  10 ice beasts
  4 phantoms
  5 sky beasts
  10 ogres
  A necrophage (D:10)
  14 wolves
  5 boggarts (D:15)
  9 centaurs
  14 crocodiles
  4 big kobolds
  22 bullfrogs
  A gnoll sergeant (D:7)
  2 wyvern zombies
  4 scorpions
  2 wyvern skeletons
  17 killer bees
  8 wights
  5 howler monkeys
  A quasit (D:10)
  6 crimson imps
  5 centaur zombies
  30 orc priests
  3 bullfrog skeletons
  2 bullfrog zombies
  7 hounds
  4 jellies
  5 iguanas
  5 centaur skeletons
  32 orc wizards
  12 worker ants
  A worker ant zombie (D:11)
  5 gnolls (D:7)
  16 adders
  3 shadow imps
  An ooze (D:1)
  7 worms
  A dart slug (D:3)
  A leopard gecko (D:7)
  142 orcs
  3 giant cockroaches (D:3)
  11 goblins
  15 hobgoblins
  5 jackals
  30 kobolds
  5 quokkas
  4 ball pythons
  7 bats
  4 frilled lizards
  A leopard gecko zombie (D:8)
  2 quokka zombies
  10 rats
1082 creatures vanquished.

Vanquished Creatures (collateral kills)
  An orc priest (D:15)
  An orc wizard (D:15)
  2 orcs (D:15)
4 creatures vanquished.

Vanquished Creatures (others)
  An anaconda (Snake:1)
  4 naga sharpshooters
  A wizard (D:15)
  An acid dragon (Lair:6)
  A swamp drake (Lair:6)
  2 orcs (D:13)
  14 fungi
  24 plants
48 creatures vanquished.

Grand Total: 1134 creatures vanquished

Notes
Turn   | Place    | Note
-------+----------+-------------------------------------------
     0 | D:1      | RedPan the Demonspawn Monk began the quest for the Orb.
     0 | D:1      | Reached XP level 1. HP: 18/18 MP: 1/1
   449 | D:1      | Reached skill level 3 in Unarmed Combat
   461 | D:1      | Gained mutation: You are partially covered in rugged brown scales. (AC +1, +3% HP) [demonic ancestry]
   461 | D:1      | Reached XP level 2. HP: 18/24 MP: 2/2
  1135 | D:1      | Reached XP level 3. HP: 29/29 MP: 3/3
  1585 | D:2      | Found a hazy altar of Hepliaklqana.
  1661 | D:2      | Gained mutation: You are mostly covered in rugged brown scales. (AC +2, +5% HP) [demonic ancestry]
  1661 | D:2      | Reached XP level 4. HP: 29/36 MP: 4/4
  2063 | D:2      | Found a stormy altar of Qazlal.
  2090 | D:2      | Reached skill level 4 in Unarmed Combat
  3243 | D:3      | Reached XP level 5. HP: 44/44 MP: 5/5
  3340 | D:3      | Noticed TryExcept's ghost (amateur HuWr)
  3624 | D:3      | Killed TryExcept's ghost
  3624 | D:3      | Reached skill level 5 in Unarmed Combat
  3624 | D:3      | Reached XP level 6. HP: 51/51 MP: 6/6
  3941 | D:3      | Found a radiant altar of Vehumet.
  4265 | D:3      | You fall through a shaft for 2 floors!
  4265 | D:5      | Entered Level 5 of the Dungeon
  4304 | D:4      | Noticed Asanbosam's ghost (amateur GnNe)
  4317 | D:4      | Killed Asanbosam's ghost
  4485 | D:4      | Found a staircase to the Ecumenical Temple.
  4493 | Temple   | Entered the Ecumenical Temple
  4683 | Temple   | Became a worshipper of Cheibriados the Contemplative
  4683 | Temple   | Reached * piety under Cheibriados
  4683 | Temple   | Reached ** piety under Cheibriados
  4874 | D:4      | Reached XP level 7. HP: 57/57 MP: 7/7
  6037 | D:5      | Reached skill level 1 in Invocations
  6588 | D:6      | Reached skill level 5 in Fighting
  6588 | D:6      | Reached skill level 6 in Unarmed Combat
  6601 | D:6      | Noticed Prince Ribbit
  6657 | D:6      | Killed Prince Ribbit
  6657 | D:6      | Reached skill level 1 in Shields
  6657 | D:6      | Gained mutation: You have large cloven feet. [demonic ancestry]
  6657 | D:6      | Reached XP level 8. HP: 18/65 MP: 7/10
  6869 | D:6      | Found a basalt altar of Yredelemnul.
  7010 | D:6      | Reached skill level 5 in Dodging
  7217 | D:6      | Reached *** piety under Cheibriados
  7380 | D:6      | Reached skill level 7 in Unarmed Combat
  7607 | D:7      | Got a smoking falchion
  7772 | D:7      | Reached skill level 5 in Invocations
  7792 | D:7      | Gained mutation: You have hoof-like feet. [demonic ancestry]
  7792 | D:7      | Reached XP level 9. HP: 45/71 MP: 12/12
  7861 | D:7      | Reached **** piety under Cheibriados
  7998 | D:7      | Reached skill level 8 in Unarmed Combat
  8528 | D:8      | Identified the +6 falchion "Qinulim" {vamp, rElec Dex+4} (You found it on level 7 of the Dungeon)
  8912 | D:9      | HP: 3/71 [something (11)]
  9000 | D:9      | Found a staircase to the Lair.
  9015 | D:9      | Reached ***** piety under Cheibriados
  9027 | D:9      | Reached skill level 9 in Unarmed Combat
  9093 | D:9      | Reached XP level 10. HP: 75/77 MP: 15/15
  9228 | D:9      | Found an iron altar of Okawaru.
  9295 | D:9      | Found Afodugo's Antique Weapon Boutique.
  9679 | D:10     | Entered Level 10 of the Dungeon
  9882 | D:10     | Reached skill level 5 in Shields
  9914 | D:10     | Reached skill level 1 in Armour
 10046 | D:10     | Noticed a two-headed ogre
 10110 | D:10     | You fall through a shaft for 2 floors!
 10226 | D:12     | Reached skill level 10 in Unarmed Combat
 10407 | D:12     | Noticed a red ugly thing
 10424 | D:12     | Killed a red ugly thing
 10665 | D:11     | Reached ****** piety under Cheibriados
 10679 | D:11     | Reached XP level 11. HP: 51/84 MP: 17/17
 10991 | D:10     | Killed a two-headed ogre
 11672 | D:11     | Found Zaraor's Magic Scroll Shop.
 11844 | D:11     | Reached skill level 11 in Unarmed Combat
 11888 | D:11     | Found a roughly hewn altar of Beogh.
 11888 | D:11     | Found a staircase to the Orcish Mines.
 11891 | D:11     | Noticed an orc knight
 11922 | D:11     | Killed an orc knight
 12335 | Lair:1   | Entered Level 1 of the Lair of Beasts
 12475 | Lair:1   | Noticed a seven-headed hydra
 12484 | Lair:1   | Killed a seven-headed hydra
 12737 | Lair:1   | Noticed a five-headed hydra
 12748 | Lair:1   | Killed a five-headed hydra
 13177 | D:11     | Bought a scroll of acquirement for 676 gold pieces
 13303 | Lair:2   | Found a staircase to the Swamp.
 13339 | Lair:2   | Gained mutation: Your flesh is heat resistant. (rF+) [demonic ancestry]
 13339 | Lair:2   | Reached XP level 12. HP: 93/93 MP: 18/18
 13688 | Lair:2   | Reached skill level 5 in Armour
 14065 | Lair:2   | Noticed Harold
 14079 | Lair:2   | Killed Harold
 14079 | Lair:2   | Reached skill level 12 in Unarmed Combat
 14081 | Lair:2   | Got a pitted silver ring
 15108 | Lair:4   | Identified the ring "Mucexy" {*Drain rF+ rN+ Dex+5} (You took it off Harold on level 2 of the Lair of Beasts)
 15260 | Lair:4   | Noticed a six-headed hydra
 15272 | Lair:4   | Killed a six-headed hydra
 15381 | Lair:4   | Found a staircase to the Snake Pit.
 15553 | Lair:4   | You fall through a shaft for 2 floors!
 15553 | Lair:6   | Entered Level 6 of the Lair of Beasts
 15789 | Lair:4   | Noticed an eight-headed hydra
 15796 | Lair:4   | Killed an eight-headed hydra
 15912 | Lair:4   | Found a runed door.
 16395 | Lair:4   | Noticed a seven-headed hydra
 16408 | Lair:4   | Killed a seven-headed hydra
 16473 | Lair:5   | Reached XP level 13. HP: 95/102 MP: 19/19
 16941 | Lair:5   | Found a viscous altar of Jiyva.
 16941 | Lair:5   | Found a staircase to the Slime Pits.
 17352 | Lair:6   | Noticed Snorg
 17369 | Lair:6   | Killed Snorg
 17383 | Lair:6   | Reached skill level 13 in Unarmed Combat
 17798 | Lair:6   | Noticed a fire dragon
 17815 | Lair:6   | Killed a fire dragon
 18405 | Lair:6   | Reached skill level 10 in Dodging
 18775 | Lair:6   | Gained mutation: You have hooves in place of feet. [potion of mutation]
 18775 | Lair:6   | Gained mutation: You occasionally shout uncontrollably at your foes. [potion of mutation]
 18775 | Lair:6   | Gained mutation: Armour fits poorly on your strangely shaped body. [potion of mutation]
 18775 | Lair:6   | Gained mutation: You can translocate small distances at will. [potion of mutation]
 18776 | Lair:6   | Lost mutation: You have hooves in place of feet. [potion of mutation]
 18776 | Lair:6   | Lost mutation: Armour fits poorly on your strangely shaped body. [potion of mutation]
 18776 | Lair:6   | Gained mutation: You have a pair of small horns on your head. [potion of mutation]
 18776 | Lair:6   | Gained mutation: You possess an exceptional clarity of mind. [potion of mutation]
 19171 | Orc:1    | Entered Level 1 of the Orcish Mines
 19320 | Orc:1    | Found a roughly hewn altar of Beogh.
 19405 | Orc:1    | Gained mutation: You are slightly more attuned to the shadows. [demonic ancestry]
 19405 | Orc:1    | Reached XP level 14. HP: 113/113 MP: 20/20
 19543 | Orc:2    | Entered Level 2 of the Orcish Mines
 19544 | Orc:2    | Found a roughly hewn altar of Beogh.
 19648 | Orc:2    | Noticed an orc warlord
 19818 | Orc:2    | Noticed WhatIsLove's ghost (journeyman GnFi)
 19824 | Orc:2    | Reached skill level 14 in Unarmed Combat
 20003 | Orc:2    | Killed an orc warlord
 20098 | Orc:2    | Found a staircase to the Elven Halls.
 20183 | Orc:2    | Killed WhatIsLove's ghost
 20698 | Orc:2    | Found Vuorroill's General Store.
 20699 | Orc:2    | Found Ovopor's Antique Armour Shop.
 20699 | Orc:2    | Found Vixas's Antique Weapon Boutique.
 20699 | Orc:2    | Found Ratiustru's Book Shop.
 20717 | Orc:2    | Bought the +2 pair of boots of the Country {rElec rN+ MP-9 Int+2} for 288 gold pieces
 20734 | Orc:2    | Bought a runed plate armour for 858 gold pieces
 21122 | D:12     | Identified the Disquisition on Damaging Weightlessness
 21604 | D:13     | Noticed Josephine
 21611 | D:13     | Killed Josephine
 21624 | D:13     | Reached skill level 10 in Fighting
 21933 | D:13     | Found a gate to the Vaults.
 22336 | D:13     | Reached skill level 10 in Shields
 22340 | D:13     | Gained mutation: You have hooves in place of feet. [demonic ancestry]
 22340 | D:13     | Reached XP level 15. HP: 100/120 MP: 6/21
 22942 | D:14     | Reached skill level 15 in Unarmed Combat
 23899 | D:15     | Entered Level 15 of the Dungeon
 24321 | D:15     | Found a frozen archway.
 24360 | IceCv    | Entered an ice cave
 24585 | IceCv    | Got polished ice dragon scales
 24632 | D:15     | Identified the +5 ice dragon scales "Xufaf" {rF- rC++ Int+2} (You found it in an ice cave)
 24941 | D:15     | Found a staircase to the Depths.
 25053 | D:15     | Found a glowing golden altar of the Shining One.
 25125 | D:15     | Noticed Agnes
 25136 | D:15     | Killed Agnes
 25376 | D:15     | Found a bloodstained altar of Trog.
 25851 | Snake:1  | Entered Level 1 of the Snake Pit
 25901 | Snake:1  | Gained mutation: Your magical and physical power is slightly enhanced at high health. [demonic ancestry]
 25901 | Snake:1  | Reached XP level 16. HP: 119/131 MP: 19/22
 26304 | Snake:1  | Reached skill level 16 in Unarmed Combat
 26515 | Snake:1  | Reached skill level 10 in Armour
 26803 | Snake:1  | Noticed Nikola
 27993 | Snake:2  | Noticed brujo666's ghost (journeyman GnNe)
 28007 | Snake:2  | Killed brujo666's ghost
 28149 | Snake:2  | Noticed Vashnia
 28183 | Snake:2  | Killed Vashnia
 29713 | Snake:3  | Noticed Roxanne
 29782 | Snake:3  | Found a stormy altar of Qazlal.
 29870 | Snake:3  | Noticed Donald
 29928 | Snake:3  | Killed Donald
 30076 | Snake:3  | Reached XP level 17. HP: 93/139 MP: 23/23
 30566 | Snake:3  | Found Egutain's Antique Armour Shop.
 30574 | Snake:3  | Bought a shiny plate armour for 806 gold pieces
 30574 | Snake:3  | Bought a pair of glowing gloves for 232 gold pieces
 30892 | Snake:4  | Entered Level 4 of the Snake Pit
 31291 | Snake:4  | Got a crude shield
 31302 | Snake:4  | Identified the +2 shield of the Slorg {+Fly rCorr Slay-4} (You acquired it on level 4 of the Snake Pit)
 31430 | Snake:4  | Reached skill level 17 in Unarmed Combat
 31772 | Snake:4  | Noticed Aizul
 31782 | Snake:4  | Killed Aizul
 32143 | Snake:4  | Got a serpentine rune of Zot
 32616 | Snake:1  | Killed from afar by Nikola

Vault maps used:
D:1:      matt_arrival_los_fun
D:2:      minmay_wonky_spiral, lemuel_crystal_altar, grunt_qazlal_clouds,
          first_ration, minmay_heptomino_w4
D:3:      fiery_altar_vehumet
D:4:      minmay_temple_entry_grid
D:6:      minmay_diamond_boxcup, yredelemnul_altar_generic,
          hangedman_decor_lopped, uniq_prince_ribbit1
D:8:      uniq_grum, uniq_maurice, uniq_gastronok
D:9:      david_lair_generic, serial_shops, nicolae_shop_trees, basic_altar
D:11:     david_orc_5, blue_anna_alchemist, kennysheep_windowed_goal
D:13:     minmay_box_of_statues, grunt_vaults_entry_tiered, lab_entry_generic,
          eino_tiny_chamber, uniq_josephine
D:14:     serial_bayou_pond_d, nicolae_looking_at_the_future
D:15:     grunt_enter_depths_hoard, portal_ice_cave_entry_pillars_1, tso_altar,
          trog_wizard, uniq_agnes
Temple:   dpeg_five_rooms_temple
Lair:1:   grunt_megastairs_3, uniq_harold
Lair:2:   swamp_mist_pool
Lair:3:   enter_volcano_3, lemuel_fruit_tree
Lair:4:   guppyfry_snake_entry_island, pf_torpor_hydra, serial_bayou_shore_a
Lair:5:   slime_altar_1, minivault_26, st_stairs_6, forest_entry_grove,
          grunt_megastairs_1, lemuel_fruit_fields, lemuel_fruit_fields
Lair:6:   hangedman_lair_in_review, guppyfry_lair_end_dragon, uniq_snorg
Snake:1:  minmay_snake_river, grunt_ministairs_15, spider_trap,
          serial_bayou_shore_b, uniq_nikola
Snake:2:  uniq_vashnia
Snake:3:  basic_altar, serial_shops, nicolae_shop_crystal, uniq_roxanne,
          uniq_donald
Snake:4:  grunt_snake_rune_pools, uniq_aizul
Orc:1:    basic_altar
Orc:2:    st_orc_congregation, mines2_david
IceCv:    ice_cave_statue_garden_chambered

Skill      XL: |  1  2  3  4  5  6  7  8  9 10 11 12 13 14 15 16 17 |
---------------+----------------------------------------------------+-----
Unarmed Combat | 3 4 5 6 7 9 10 11 12 13 14 15 16 17 | 17.5
Dodging        | 3 4 5 6 7 8 9 10 11 12 | 12.9
Fighting       | 4 5 6 8 9 10 11 12 | 12.8
Invocations    | 3 5 7 8 |  8.0
Shields        | 1 3 4 5 6 8 9 10 11 12 | 12.2
Armour         | 2 4 6 7 8 9 10 11 | 11.4
Stealth        | |  1.7

Action                   |  1- 3 |  4- 6 |  7- 9 | 10-12 | 13-15 | 16-18 || total
-------------------------+-------+-------+-------+-------+-------+-------++-------
Melee: Unarmed           |   186 |   267 |   368 |   874 |  1575 |   550 ||  3820
       Punch             |     4 |     5 |     3 |       |       |       ||    12
       Kick              |       |       |   138 |   281 |   482 |   341 ||  1242
       Headbutt          |       |       |       |       |   458 |   203 ||   661
Invok: Bend Time         |       |       |     1 |     3 |    17 |     9 ||    30
       Slouch            |       |       |       |       |    14 |    10 ||    24
Evoke: Wand              |       |    14 |       |       |       |       ||    14
  Use: Scroll            |     3 |     2 |    18 |    10 |    13 |     9 ||    55
       Potion            |       |     2 |     3 |     2 |     4 |     4 ||    15
 Stab: Sleeping          |     5 |     4 |     8 |       |       |     8 ||    25
       Confused          |       |     1 |       |       |       |       ||     1
       Distracted        |       |       |     1 |       |       |     2 ||     3
  Eat: Chunk             |     3 |     9 |     4 |     8 |    15 |     3 ||    42
       Ration            |       |       |     1 |     2 |     3 |     2 ||     8
Armor: Robe              |    46 |    44 |    48 |       |       |       ||   138
       Skin              |       |    14 |       |       |       |       ||    14
       Leather armour    |       |       |    14 |     3 |       |       ||    17
       Chain mail        |       |       |       |    71 |       |       ||    71
       Plate armour      |       |       |       |   202 |   513 |    45 ||   760
       Ice dragon scales |       |       |       |       |    27 |    36 ||    63
Dodge: Dodged            |   115 |   141 |   185 |   421 |   839 |   250 ||  1951
Block: Other             |       |     2 |     4 |       |       |       ||     6
       Buckler           |       |       |    69 |    10 |       |       ||    79
       Reflection        |       |       |     1 |       |       |   133 ||   134
       Shield            |       |       |       |   708 |  1250 |       ||  1958
       Large shield      |       |       |       |       |    33 |   765 ||   798

Table legend:
 A = Spawn XP
 B = Non-spawn XP
 C = Spawn XP percentage of total XP
 D = Spawn monster count
 E = Non-spawn monster count
 F = Spawn count percentage of total count
 G = Total turns spent on level
                    A         B        C        D         E        F      G
               +---------+---------+-------+---------+---------+-------+---------
         Total |       0 |  279428 |   0.0 |       0 |    1092 |   0.0 | 32616
               +---------+---------+-------+---------+---------+-------+---------
           D:1 |       0 |      59 |   0.0 |       0 |      33 |   0.0 |  1428
           D:2 |       0 |     130 |   0.0 |       0 |      31 |   0.0 |  1677
           D:3 |       0 |     345 |   0.0 |       0 |      22 |   0.0 |  1447
           D:4 |       0 |     274 |   0.0 |       0 |      10 |   0.0 |  1166
           D:5 |       0 |     277 |   0.0 |       0 |       9 |   0.0 |   636
           D:6 |       0 |    1179 |   0.0 |       0 |      17 |   0.0 |   879
           D:7 |       0 |    1240 |   0.0 |       0 |      33 |   0.0 |   912
           D:8 |       0 |     728 |   0.0 |       0 |      16 |   0.0 |   452
           D:9 |       0 |    2126 |   0.0 |       0 |      19 |   0.0 |   942
          D:10 |       0 |    3423 |   0.0 |       0 |      45 |   0.0 |  1226
          D:11 |       0 |    5321 |   0.0 |       0 |      62 |   0.0 |  1152
          D:12 |       0 |    6397 |   0.0 |       0 |      46 |   0.0 |  1210
          D:13 |       0 |   20051 |   0.0 |       0 |     103 |   0.0 |  1127
          D:14 |       0 |   20389 |   0.0 |       0 |      59 |   0.0 |  1262
          D:15 |       0 |   21735 |   0.0 |       0 |      61 |   0.0 |  1405
        Lair:1 |       0 |    4199 |   0.0 |       0 |      14 |   0.0 |   844
        Lair:2 |       0 |    5490 |   0.0 |       0 |      26 |   0.0 |   859
        Lair:3 |       0 |    2213 |   0.0 |       0 |      12 |   0.0 |  1014
        Lair:4 |       0 |    7200 |   0.0 |       0 |      22 |   0.0 |  1332
        Lair:5 |       0 |    6583 |   0.0 |       0 |      24 |   0.0 |   983
        Lair:6 |       0 |   19338 |   0.0 |       0 |      52 |   0.0 |  1760
       Snake:1 |       0 |   21432 |   0.0 |       0 |      50 |   0.0 |  1822
       Snake:2 |       0 |   31141 |   0.0 |       0 |      40 |   0.0 |  1691
       Snake:3 |       0 |   14066 |   0.0 |       0 |      21 |   0.0 |  1588
       Snake:4 |       0 |   61689 |   0.0 |       0 |      98 |   0.0 |  1664
         Orc:1 |       0 |    3760 |   0.0 |       0 |      39 |   0.0 |   377
         Orc:2 |       0 |   15381 |   0.0 |       0 |     117 |   0.0 |  1260
         IceCv |       0 |    3262 |   0.0 |       0 |      11 |   0.0 |   261
               +---------+---------+-------+---------+---------+-------+---------
